 Dungeon Crawl Stone Soup version 0.26-a0-1129-gc5df7fbe6a (webtiles) character file.

Game seed: 4392291882289931193

918 uibert the Destroyer (level 7, -4/38 HPs)
             Began as a Deep Elf Conjurer on Dec 19, 2020.
             Slain by a white ugly thing (7 damage)
             ... on level 6 of the Dungeon.
             The game lasted 00:17:26 (7380 turns).

uibert the Destroyer (Deep Elf Conjurer)            Turns: 7380, Time: 00:17:27

Health: -4/38      AC:  9    Str:  2    XL:     7   Next: 83%
Magic:  5/15       EV: 17    Int: 23    God:
Gold:   306        SH:  0    Dex: 13    Spells: 11/14 levels left

rFire    + + .     SeeInvis .   t - +3 Elemental Staff {rElec rF++ rC++ Will++ AC+5}
rCold    + + .     Faith    .   (no shield)
rNeg     . . .     Spirit   .   a - +0 robe
rPois    .         Reflect  .   o - +0 helmet
rElec    +         Harm     .   (no cloak)
rCorr    .         Rampage  .   (no gloves)
Will     ++...                  d - +0 pair of boots
Stlth    ++........             (no amulet)
HPRegen  0.12/turn              k - -4 ring of strength (curse)
MPRegen  0.14/turn              l - +4 ring of evasion

@: no status effects
A: no striking features
a: no special abilities


You were on level 6 of the Dungeon.
You visited 1 branch of the dungeon, and saw 6 of its levels.

You collected 306 gold pieces.

Inventory:

Hand Weapons
 e - a +1 dagger
 f - a +2 hand axe of flaming
 t - the +3 Elemental Staff (weapon) {rElec rF++ rC++ Will++ AC+5}
   (You acquired it on level 5 of the Dungeon)

   It affects your AC (+5).
   It greatly protects you from fire.
   It greatly protects you from cold.
   It insulates you from electricity.
   It affects your willpower, your defense against some magical effects.
 u - a +1 quarterstaff of distortion
Missiles
 c - 134 stones (quivered)
 i - 5 boomerangs of dispersal
 j - 7 silver boomerangs
Armour
 a - a +0 robe (worn)
 d - a +0 pair of boots (worn)
 o - a +0 helmet (worn)
Jewellery
 k - a cursed -4 ring of strength (left hand)
 l - a +4 ring of evasion (right hand)
 s - a cursed ring of attention {unknown}
Wands
 m - a wand of acid (30)
 r - a wand of enslavement (9)
Scrolls
 b - a scroll of teleportation
 h - 4 scrolls of identify
 p - 3 scrolls of fog
 q - a scroll of enchant weapon
Potions
 g - 4 potions of curing
 n - a potion of heal wounds


   Skills:
 + Level 1.5 Fighting
 + Level 3.6 Dodging
 + Level 3.8 Stealth
 + Level 4.2 Spellcasting
 * Level 9.1 Conjurations
 + Level 2.1 Evocations


You had 11 spell levels left.
You knew the following spells:

 Your Spells              Type           Power        Failure   Level
a - Magic Dart            Conj           100%         1%          1
b - Searing Ray           Conj           94%          1%          2

Your spell library contained the following spells:

 Spells                   Type           Power        Failure   Level
 Dazzling Flash           Conj/Hex       50%          4%          3
 Fulminant Prism          Conj/Hex       12%          16%         4
 Iskenderun's Mystic Bla  Conj/Tloc      25%          16%         4
 Summon Demon             Summ           2%           96%         5
 Summon Forest            Summ/Tloc      2%           96%         5
 Summon Mana Viper        Hex/Summ       4%           96%         5
 Shadow Creatures         Summ           N/A          100%        6
 Summon Hydra             Summ           2%           100%        7


Dungeon Overview and Level Annotations

Branches:
Dungeon (6/15)             Temple (0/1) D:6

Altars:
Ashenzari
Fedhas
Gozag
Ru
Uskayaw


Message History

The iguana is almost dead.
The white ugly thing trunk-slaps you! The white ugly thing freezes you!
You resist.
The searing ray hits the white ugly thing!
The white ugly thing is severely wounded.
The searing ray hits the iguana.
You kill the iguana!
The white ugly thing trunk-slaps you!
* * * LOW HITPOINT WARNING * * *
The white ugly thing freezes you! You resist.
* * * LOW HITPOINT WARNING * * *
Casting: Searing Ray (safe; 1% risk of failure)
Confirm with . or Enter, or press ? or * to list all spells.
Aiming: Searing Ray (safe; 1% risk of failure)
Press: ? - help, Shift-Dir - straight line The searing ray hits the white ugly thing!
The white ugly thing is almost dead. (Press . to maintain the ray.)
The white ugly thing trunk-slaps you!
You die...

,,,,*,,,,,,****,,,,,,,,,,,*
,,,,+,,,,,,+,,+,,,,^,******
,,,,*,,,,,,****,,,,,,*
,,,,*,,,,,,* *,,,,,,*
,,,,******** *,,,,,,* ,,,,*
*,,,,,,* ,,,,* ********
,,,,*****#######################
,,,,,,,,,......u@..............#
,********#....################.#
,,** #..,,***#..<......# #.#
,,,** #,,,,,,*#.#.......# #)#
,,,,** *,,,,,,*#.###########.#
,,,,,* *,,,,,,*#.............#
,,,,** *,,,,,,*###############
,,,,,* *,,,,**** ,,,,,*
****,,,,*


You could see a white ugly thing.

Vanquished Creatures
  A necrophage (D:5)
  A sky beast (D:5)
  2 ogres
  A howler monkey (D:5)
  A jelly (D:4)
  2 bullfrog zombies (D:5)
  A bullfrog skeleton (D:5)
  2 hounds
  Terence (D:3)
  3 iguanas
  An orc wizard (D:4)
  2 hound zombies (D:5)
  7 adders
  An ooze (D:2)
  An adder zombie (D:5)
  A worm (D:2)
  A dart slug (D:1)
  8 leopard geckos
  6 orcs
  4 bats
  4 giant cockroaches
  5 goblins
  14 hobgoblins
  20 jackals
  13 kobolds
  2 quokkas
  4 ball pythons
  5 frilled lizards
  2 jackal skeletons
  5 rats
121 creatures vanquished.

Notes
Turn   | Place    | Note
-------+----------+-------------------------------------------
     0 | D:1      | uibert the Deep Elf Conjurer began the quest for the Orb.
     0 | D:1      | Reached XP level 1. HP: 10/10 MP: 6/6
   155 | D:1      | Reached XP level 2. HP: 14/15 MP: 1/8
   158 | D:1      | Learned a level 2 spell: Searing Ray
   245 | D:1      | Reached skill level 5 in Conjurations
   723 | D:1      | Reached XP level 3. HP: 19/19 MP: 5/9
  1494 | D:2      | Reached skill level 6 in Conjurations
  1520 | D:2      | Lost strength.
  2242 | D:2      | Reached XP level 4. HP: 24/24 MP: 8/10
  2587 | D:3      | Found a sacrificial altar of Ru.
  3748 | D:3      | Noticed Terence
  3755 | D:3      | Killed Terence
  3756 | D:3      | Reached skill level 7 in Conjurations
  3756 | D:3      | Reached XP level 5. HP: 6/28 MP: 2/11
  4589 | D:4      | Noticed an ogre
  4594 | D:4      | Killed an ogre
  5016 | D:4      | Reached skill level 8 in Conjurations
  5016 | D:4      | Reached XP level 6. HP: 32/32 MP: 7/12
  5728 | D:5      | Entered Level 5 of the Dungeon
  6421 | D:5      | Identified a scroll of acquirement
  6421 | D:5      | Acquired the +3 Elemental Staff {rElec rF++ rC++ Will++
                  | AC+5}
  6422 | D:5      | Found the +3 Elemental Staff {rElec rF++ rC++ Will++ AC+5}
  6428 | D:5      | Noticed a sky beast
  6438 | D:5      | Reached skill level 1 in Evocations
  6493 | D:5      | Killed a sky beast
  6494 | D:5      | Reached XP level 7. HP: 37/37 MP: 6/14
  6516 | D:5      | Reached skill level 1 in Fighting
  6777 | D:5      | Reached skill level 9 in Conjurations
  6904 | D:5      | Found a hide-covered altar of Uskayaw.
  6935 | D:5      | Found an opulent altar of Gozag.
  6936 | D:5      | Found a blossoming altar of Fedhas.
  6938 | D:5      | Found a broken altar of Ashenzari.
  7371 | D:6      | Noticed a white ugly thing
  7380 | D:6      | Slain by a white ugly thing

Illustrated notes

Levels and vault maps discovered:
D:1:      nzn_arrival_crosshair, layout_loops_ring
D:2:      layout_loops_ring
D:3:      layout_loops_corners, grunt_decor_one_mirror,
          nicolae_ru_sacrificial_ziggurat, uniq_terence
D:4:      wander_river, layout_basic, wad_floor_pattern_1
D:5:      minmay_angry_zag, layout_basic,
          chequers_temple_overflow_statue_of_worship, minmay_between
D:6:      layout_basic, minmay_temple_entry_statues_pillars, serial_shops,
          nicolae_shop_stone, portal_sewer_entry_e

Skill      XL: |  1  2  3  4  5  6  7 |
---------------+----------------------+-----
Conjurations   | 5 6 7 8 9 |  9.1
Evocations     | 1 2 |  2.1
Dodging        | 3 |  3.6
Stealth        | 3 |  3.8
Fighting       | 1 |  1.5
Spellcasting   | 4 |  4.2

Action                   |  1- 3 |  4- 6 |  7- 9 || total
-------------------------+-------+-------+-------++-------
Melee: Unarmed           |     2 |       |       ||     2
 Cast: Magic Dart        |    78 |    93 |    23 ||   194
       Searing Ray       |       |    24 |    12 ||    36
  Use: Potion            |     3 |     2 |     2 ||     7
       Scroll            |     6 |     4 |     1 ||    11
Armor: Robe              |     3 |    12 |     2 ||    17
Dodge: Dodged            |    11 |    17 |    10 ||    38

Table legend: (Time is in decaauts)
 A = Elapsed time spent in this place.
 B = Non-inter-level travel time spent in this place.
 C = Inter-level travel time spent in this place.
 D = Time resting spent in this place.
 E = Time spent auto-exploring this place.
 F = Levels seen in this place.
 G = Mean time per level.
                   A        B        C        D        E       F      G
               +--------+--------+--------+--------+--------+-----+--------+
         Total |   9136 |   8804 |    332 |   2120 |   6023 |   6 | 1522.7 |
       Dungeon |   9136 |   8804 |    332 |   2120 |   6023 |   6 | 1522.7 |
               +--------+--------+--------+--------+--------+-----+--------+

Top non-repeatable levels by time:
     D:3: 3028 daAuts
     D:2: 1841 daAuts
     D:5: 1515 daAuts
     D:4: 1394 daAuts
     D:1: 1237 daAuts
     D:6: 119 daAuts
